 Dungeon Crawl Stone Soup version 0.21-a0-41-g5e91fef (webtiles) character file.

46 HAL9000 the Sneak (level 3, 0/40 HPs)
             Began as a Vine Stalker Assassin on June 4, 2017.
             Succumbed to an adder's poison
             ... on level 2 of the Dungeon.
             The game lasted 00:01:41 (1006 turns).

HAL9000 the Sneak (Vine Stalker Assassin)           Turns: 1006, Time: 00:01:42

Health: 0/40       AC: 21    Str: 18    XL:     3   Next: 68%
Magic:  2/4        EV:  2    Int: 11    God:
Gold:   91         SH:  4    Dex: 16    Spells: 2/2 levels left

rFire    + . .     SeeInvis .   a - +2 dagger
rCold    + . .     Gourm    .   r - +0 buckler
rNeg     + + +     Faith    .   (armour currently unavailable)
rPois    +         Spirit   +   (helmet currently unavailable)
rElec    +         Reflect  .   (cloak currently unavailable)
rCorr    +         Harm     .   (gloves currently unavailable)
MR       .....     NoTele   +   (boots currently unavailable)
Stlth    ..........             (no amulet)
Regen    0.2/turn               (no ring)
MPRegen  0.1/turn               (no ring)

@: berserking, lethally poisoned (0 -> -6), tree-form, resistant, hasted, very
quick
A: magic shield, no potion heal 3, rot immunity
a: no special abilities


You were on level 2 of the Dungeon.
You were not hungry.
You were a tree.
You visited 1 branch of the dungeon, and saw 2 of its levels.

You collected 91 gold pieces.

Inventory:

Hand Weapons
 a - a +2 dagger (weapon)
 b - a +0 blowgun
Missiles
 e - 8 poisoned needles
 f - 2 curare-tipped needles
Armour
 c - a +0 robe (melded)
 d - a +0 cloak (melded)
 r - a +0 buckler (worn)
Scrolls
 l - 2 scrolls of enchant weapon {unknown}
 n - 2 scrolls of remove curse {unknown}
 s - a scroll of immolation {unknown}
Potions
 j - a potion of lignification
 q - a potion of heal wounds {unknown}
Comestibles
 g - 3 bread rations
 m - a meat ration
 o - a royal jelly


   Skills:
 - Level 1.7 Fighting
 + Level 3.3 Short Blades
 - Level 1.7 Throwing
 - Level 0.7 Dodging
 - Level 4.8 Stealth
 + Level 0.8 Shields


You had 2 spell levels left.
You didn't know any spells.

Dungeon Overview and Level Annotations

Branches:
Dungeon (2/15)

Altars:
Fedhas

Annotations:
D:2 Jessica


Innate Abilities, Weirdness & Mutations

((You have extremely sharp teeth.))
When hurt, damage is shared between your health and your magic reserves.
((Your bite disrupts and absorbs the magic of your enemies.))
Potions cannot restore your health.
You are immune to rotting.


Message History

Jessica casts a spell.
Jessica blinks!
The kobold closely misses you.
It was a potion of lignification.
You turn into a tree.
Your +0 cloak melds into your body.
Your +0 robe melds into your body.
Your roots penetrate the ground.
* * * LOW HITPOINT WARNING * * *
You feel sick. You block the kobold's attack.
Unknown command.
It was a potion of haste.
You feel yourself speed up.
* * * LOW HITPOINT WARNING * * *
You feel sick. The kobold hits you but does no damage.
Unknown command.
It was a potion of resistance.
You feel protected. The kobold hits you but does no damage.
Unknown command.
It was a potion of berserk rage.
A red film seems to cover your vision as you go berserk!
You feel yourself moving faster!
You feel mighty!
You die...

.. .... .... .... .
h.#.####### #..
.........## ...
#.#†.....##### #...#
..#)#)...#.....###...##.
....)......@...K♣.......
.P..######.....###...##.
_..# ##..#### #....# #
.P. #...## #....#.#####
.. #....#####.##.#......
.. #....................
. ####..####.##.#..... .
#..# #.##.# ### ########
#..# #.##.#


You could see Jessica and a kobold.

Vanquished Creatures
  2 adders (D:2)
  2 giant cockroaches
  5 goblins
  4 hobgoblins (D:1)
  A jackal (D:2)
  5 kobolds
  A quokka (D:2)
  2 bats (D:1)
  3 frilled lizards
  3 rats (D:1)
28 creatures vanquished.

Notes
Turn   | Place    | Note
-------+----------+-------------------------------------------
     0 | D:1      | HAL9000 the Vine Stalker Assassin began the quest for the Orb.
     0 | D:1      | Reached XP level 1. HP: 11/11 MP: 2/2
   112 | D:1      | Reached XP level 2. HP: 5/15 MP: 1/3
   761 | D:2      | Reached XP level 3. HP: 18/18 MP: 4/4
   972 | D:2      | Found a blossoming altar of Fedhas.
   977 | D:2      | Noticed Jessica
  1004 | D:2      | HP: 1/27 [poisoned by an adder]
  1006 | D:2      | Succumbed to an adder's poison

Vault maps used:
D:1:      shiori_arrival_maze
D:2:      fedhas_altar_1, uniq_crazy_yiuf_cottage, uniq_jessica

Skill      XL: |  1  2 |
---------------+-------+-----
Short Blades   | 2 3 |  3.3
Fighting       | |  1.7
Throwing       | |  1.7
Dodging        | |  0.7
Stealth        | |  4.8
Shields        | |  0.8

Action                   || total
-------------------------++-------
Melee: Dagger            ||    65
       Bite              ||    13
  Use: Potion            ||     4
 Stab: Sleeping          ||     9
Armor: Robe              ||    12
       Skin              ||     2
Dodge: Dodged            ||    28
Block: Buckler           ||     4
